 Dungeon Crawl Stone Soup version 0.26-a0-720-g2a1d101370 (webtiles) character file.

Game seed: 8449088905881280601

2531 jasper the Cruncher (level 9, -11/64 HPs)
             Began as a Formicid Fighter on Nov 3, 2020.
             Was an Initiate of Ashenzari.
             Shot with a sling bullet by Joseph (16 damage)
             ... on level 7 of the Dungeon.
             The game lasted 00:10:06 (7317 turns).

jasper the Cruncher (Formicid Fighter)              Turns: 7317, Time: 00:10:07

Health: -11/64     AC:  9    Str: 24    XL:     9   Next: 84%
Magic:  9/9        EV:  8    Int:  8    God:    Ashenzari [......]
Gold:   76         SH:  9    Dex: 10    Spells: 8/8 levels left

rFire    . . .     SeeInvis +   a - +0 quarterstaff (curse)
rCold    . . .     Faith    .   c - +0 kite shield
rNeg     . . .     Spirit   .   b - +0 scale mail
rPois    .         Reflect  .   (helmet unavailable)
rElec    .         Harm     .   (no cloak)
rCorr    .         Rampage  .   h - +0 pair of gloves
MR       .....                  s - +0 pair of boots
Stlth    ..........             (no amulet)
HPRegen  0.20/turn              (no ring)
MPRegen  0.11/turn              (no ring)

@: no status effects
A: permanent stasis, dig shafts and tunnels, four strong arms, antennae 3
a: Dig, Shaft Self, Curse Item, Renounce Religion


You were on level 7 of the Dungeon.
You worshipped Ashenzari.
Ashenzari was noncommittal.
You visited 2 branches of the dungeon, and saw 8 of its levels.

You collected 336 gold pieces.
You spent 260 gold pieces at shops.

Inventory:

Hand Weapons
 a - a cursed +0 quarterstaff (weapon)
 d - a +0 club
 j - a +0 vorpal flail
Missiles
 e - 3 atropa-tipped darts
 g - 42 poisoned darts (quivered)
 l - a throwing net
 q - 3 javelins
Armour
 b - a +0 scale mail (worn)
 c - a +0 kite shield (worn)
 h - a +0 pair of gloves (worn)
 n - a +4 chain mail of cold resistance
 s - a +0 pair of boots (worn)
Scrolls
 f - 10 scrolls of teleportation
 i - 3 scrolls of fog {unknown}
 k - 2 scrolls of blinking {unknown}
 m - a scroll of magic mapping {unknown}
 o - a scroll of random uselessness {unknown}
 p - 3 scrolls of enchant weapon {unknown}
 v - a scroll of immolation {unknown}
 x - a scroll of brand weapon {unknown}
 A - a scroll of identify {unknown}
Potions
 r - a potion of lignification
 t - a potion of stabbing {unknown}
 w - a potion of degeneration {unknown}
Miscellaneous
 y - a condenser vane (inert)


   Skills:
 + Level 3.4 Fighting
 - Level 12.3 Staves
 - Level 3.2 Armour
 * Level 4.0 Shields


You had 8 spell levels left.
You didn't know any spells.
Your spell library was empty.

Dungeon Overview and Level Annotations

Branches:
Dungeon (7/15)             Temple (1/1) D:7

Altars:
Ashenzari
Cheibriados
Dithmenos
Elyvilon
Fedhas
Gozag
Kikubaaqudgha
Makhleb
Nemelex Xobeh
Okawaru
Qazlal
Ru
Sif Muna
Trog
Vehumet
Wu Jian
Xom
The Shining One

Shops:
D:4 }   D:6 }

Annotations:
D:7 Joseph


Innate Abilities, Weirdness & Mutations

You cannot be hasted, slowed, berserked, paralysed or teleported.
You can dig through walls and to a lower floor.
Your four strong arms can wield two-handed weapons with a shield.
You have a pair of large antennae on your head. (SInv)


Message History

The poisoned dart closely misses the orc priest.
Joseph shoots a sling bullet.
The sling bullet hits you but does no damage.
The orc priest mumbles some strange prayers to Beogh against you.
Beogh smites you!
* * * LOW HITPOINT WARNING * * *
Throwing (i - inventory. (/) - cycle)
g - 44 poisoned darts (quivered)
Press: ? - help, Shift-Dir - straight line, f/p - orc priest
Aim: an orc priest, wielding a +1 short sword of venom (moderately wounded, poisoned)
You throw a poisoned dart. The poisoned dart hits the orc priest.
The orc priest is moderately wounded.
Joseph shoots a sling bullet.
You block the sling bullet.
Throwing (i - inventory. (/) - cycle)
g - 43 poisoned darts (quivered)
Press: ? - help, Shift-Dir - straight line, f/p - orc priest
Aim: an orc priest, wielding a +1 short sword of venom (moderately wounded, poisoned)
You throw a poisoned dart. The poisoned dart hits the orc priest.
The orc priest looks even sicker.
The orc priest is moderately wounded.
Joseph shoots a sling bullet.
The sling bullet hits you!
You die...

#.................#..#
######...(#....##.##.####
#..................#
#.(..oo≈≈≈≈≈.......#
#†(((≈≈≈≈≈≈≈≈≈.....#
....≈≈≈≈≈≈≈≈≈≈≈≈≈...###
...≈≈≈≈≈≈≈≈≈≈≈≈≈≈≈..#.##
.....≈≈≈≈≈≈...≈≈≈≈≈≈...#.#
......≈≈≈≈≈≈.@(≈≈≈≈≈≈..####
.......≈≈≈≈≈≈...≈≈≈≈≈≈.##
.........≈≈≈≈≈≈≈≈≈≈≈≈≈..#
...........≈≈≈≈≈≈≈≈≈....#
.......>.....(≈≈≈≈≈......#
................@........##
................#######...#
...........#.##......###..#
...........#.#####........#


You could see Joseph, an orc priest (very poisoned) and an orc wizard.

Vanquished Creatures
  Edmund (D:6)
  A black bear (D:6)
  4 sky beasts
  3 ogres
  A centaur (D:6)
  4 bullfrogs
  A gnoll sergeant (D:5)
  5 scorpions
  5 killer bees (D:7)
  A howler monkey (D:4)
  5 wights (D:6)
  A centaur zombie (D:5)
  A bullfrog skeleton (D:6)
  A gnoll shaman (D:5)
  An orc priest (D:4)
  6 orc wizards
  3 worker ants
  A killer bee zombie (D:7)
  8 gnolls (D:5)
  4 adders
  A howler monkey skeleton (D:5)
  4 white imps
  2 ufetubi (D:5)
  3 worms
  A dart slug (D:2)
  7 leopard geckos
  18 orcs
  2 ball pythons
  7 giant cockroaches
  11 goblins
  9 hobgoblins
  3 jackals (D:2)
  7 kobolds
  2 quokkas
  7 bats
  4 frilled lizards
  8 rats
153 creatures vanquished.

Vanquished Creatures (others)
  An orc (D:7)
1 creature vanquished.

Grand Total: 154 creatures vanquished

Notes
Turn   | Place    | Note
-------+----------+-------------------------------------------
     0 | D:1      | jasper the Formicid Fighter began the quest for the Orb.
     0 | D:1      | Reached XP level 1. HP: 18/18 MP: 1/1
   251 | D:1      | Reached XP level 2. HP: 24/24 MP: 2/2
   330 | D:1      | Reached skill level 3 in Staves
   518 | D:1      | Reached XP level 3. HP: 29/29 MP: 3/3
  1100 | D:2      | Reached skill level 4 in Staves
  1100 | D:2      | Reached XP level 4. HP: 35/35 MP: 4/4
  1771 | D:3      | Reached XP level 5. HP: 41/41 MP: 5/5
  2015 | D:3      | Reached skill level 5 in Staves
  2332 | D:4      | Reached XP level 6. HP: 26/47 MP: 6/6
  2339 | D:4      | Reached skill level 6 in Staves
  2834 | D:4      | Found Giaf's Gadget Emporium.
  2976 | D:4      | Noticed an ogre
  2991 | D:4      | Killed an ogre
  2991 | D:4      | Reached skill level 7 in Staves
  2991 | D:4      | Reached XP level 7. HP: 40/52 MP: 7/7
  3421 | D:5      | Entered Level 5 of the Dungeon
  3441 | D:5      | Reached skill level 8 in Staves
  3673 | D:5      | Reached XP level 8. HP: 21/58 MP: 8/8
  3997 | D:5      | Reached skill level 9 in Staves
  4868 | D:5      | Reached skill level 10 in Staves
  4983 | D:6      | Noticed Edmund
  5004 | D:6      | Killed Edmund
  5004 | D:6      | Reached XP level 9. HP: 56/64 MP: 9/9
  5152 | D:6      | Reached skill level 11 in Staves
  5702 | D:6      | Found Valirihoerr's Gadget Boutique.
  5713 | D:6      | Bought a condenser vane (2/2) for 260 gold pieces
  5970 | D:7      | Found a staircase to the Ecumenical Temple.
  6025 | D:7      | Reached skill level 12 in Staves
  6309 | Temple   | Entered the Ecumenical Temple
  6388 | Temple   | Became a worshipper of Ashenzari the Shackled
  6559 | D:7      | Noticed Joseph
  7317 | D:7      | Shot with a sling bullet by Joseph

Illustrated notes

Levels and vault maps discovered:
D:1:      tarquinn_simple_flora_water_a, layout_basic
D:2:      layout_basic
D:3:      layout_basic
D:4:      minmay_wonky_spiral, layout_loops_ring, serial_shops, shop
D:5:      layout_rooms, nicolae_overflow_hidden_temple
D:6:      layout_rooms, serial_shops, nicolae_shop_trees, uniq_edmund
D:7:      layout_rooms, temple_pool_b, serial_shops, kennysheep_little_box,
          uniq_joseph
Temple:   dpeg_five_rooms_temple

Skill      XL: |  1  2  3  4  5  6  7  8  9 |
---------------+----------------------------+-----
Staves         | 3 4 5 7 8 10 12 | 12.3
Shields        | 4 |  4.0
Fighting       | |  3.4
Armour         | |  3.2

Action                   |  1- 3 |  4- 6 |  7- 9 || total
-------------------------+-------+-------+-------++-------
Melee: Quarterstaff      |   108 |   135 |   274 ||   517
Throw: Dart              |    15 |    29 |    72 ||   116
Invok: Curse Item        |       |       |     1 ||     1
 Abil: Dig               |       |     3 |     4 ||     7
Evoke: Wand              |       |       |     6 ||     6
       Condenser vane    |       |       |     2 ||     2
  Use: Potion            |       |     1 |    12 ||    13
       Scroll            |       |       |     1 ||     1
Armor: Scale mail        |    46 |    46 |    71 ||   163
Dodge: Dodged            |    30 |    32 |    63 ||   125
Block: Kite shield       |    61 |    46 |   110 ||   217

Table legend: (Time is in decaauts)
 A = Elapsed time spent in this place.
 B = Non-inter-level travel time spent in this place.
 C = Inter-level travel time spent in this place.
 D = Time resting spent in this place.
 E = Time spent auto-exploring this place.
 F = Levels seen in this place.
 G = Mean time per level.
                   A        B        C        D        E       F      G
               +--------+--------+--------+--------+--------+-----+--------+
         Total |   7339 |   7006 |    333 |   1545 |   4203 |   8 |  917.4 |
       Dungeon |   6519 |   6283 |    236 |   1023 |   4023 |   7 |  931.3 |
        Temple |    819 |    722 |     97 |    522 |    180 |   1 |  819.0 |
               +--------+--------+--------+--------+--------+-----+--------+

Top non-repeatable levels by time:
     D:5: 1477 daAuts
     D:4: 1273 daAuts
     D:6: 1035 daAuts
     D:2: 897 daAuts
     D:1: 887 daAuts
  Temple: 819 daAuts
     D:7: 544 daAuts
     D:3: 404 daAuts
